 Dungeon Crawl Stone Soup version 0.31.0-12-g77e489cdc1 (webtiles) character file.

Game seed: 13182807652070097784

4 ProfCupcakeAgain the Slasher (level 1, -2/27 HPs)
             Began as an Armataur Berserker on Feb 15, 2024.
             Was a Follower of Trog.
             Succumbed to a goblin's poison
             ... on level 1 of the Dungeon.
             The game lasted 00:03:12 (139 turns).

ProfCupcakeAgain the Slasher (Armataur Berserker)    Turns: 139, Time: 00:03:12

Health: -2/27      AC:  6    Str: 22    XL:     1   Next: 50%
Magic:  1/1        EV:  9    Int:  7    God:    Trog [*.....]
Gold:   13         SH:  0    Dex:  9    Spells: 0/0 levels left

rFire   . . .        a - +0 falchion
rCold   . . .        (no shield)
rNeg    . . .        b - +0 ring mail
rPois   .            (no helmet)
rElec   .            (no cloak)
rCorr   .            (no gloves)
SInv    .            (no barding)
Will    .....        (no amulet) Stlth
                     (no ring)
HPRegen 0.24/turn    (no ring)
MPRegen 0.40/turn

%: roll
@: berserking, lethally poisoned (-2 -> -31), very quick
A: large, deformed body, tough skin 3, armoured tail, roll 1
a: Renounce Religion, Berserk


You were on level 1 of the Dungeon.
You worshipped Trog.
Trog was aware of your devotion.
You visited 1 branch of the dungeon, and saw 1 of its levels.

You collected 13 gold pieces.

Inventory:

Hand Weapons
 a - a +0 falchion (weapon)
Armour
 b - a +0 ring mail (worn)


   Skills:
 + Level 2.8 Fighting
 + Level 2.8 Long Blades
 + Level 2.4 Armour
 + Level 1.4 Dodging


You couldn't memorise any spells.
You didn't know any spells.
Your spell library was empty.

Dungeon Overview and Level Annotations

Branches:
Dungeon (1/15)

Altars:


Innate Abilities, Weirdness & Mutations

Armour fits poorly on your strangely shaped body.
You have extremely tough skin. (AC +3)
You have a long armoured tail.
You regenerate magic when rolling toward enemies. (Rampage MPRegen)


Message History

The endoplasm hits you but does no damage.
You hit the endoplasm.
You kill the endoplasm!
Trog accepts your kill.
HP restored.
A goblin comes into view. It is wielding a +2 dagger of venom.
The goblin shouts!
Found 7 gold pieces.
You roll towards the goblin!
The goblin barely misses you.
You closely miss the goblin.
The goblin hits you with a +2 dagger of venom.
You are poisoned.
You barely miss the goblin.
You feel sick.
An endoplasm comes into view.
The goblin hits you but does no damage.
You are lethally poisoned!
The endoplasm quivers.
You hit the goblin.
The goblin is heavily wounded.
You feel very sick. The goblin barely misses you.
You are too injured to fight recklessly!
You are too injured to fight recklessly!
There is a lethal amount of poison in your body!
Okay, then.
A red film seems to cover your vision as you go berserk!
You feel yourself moving faster!
You feel mighty!
You feel sick.
The goblin hits you with a +2 dagger of venom.
* * * LOW HITPOINT WARNING * * *
You are more poisoned.
You completely miss the goblin.
The goblin is heavily wounded.
* * * LOW HITPOINT WARNING * * *
You feel very sick.
The goblin hits you with a +2 dagger of venom.
* * * LOW HITPOINT WARNING * * *
You are more poisoned.
You barely miss the goblin.
The goblin is heavily wounded.
You die...

...............##♣♣
..............##
.....[.......###♣♣♣P.
..................P.♣
...........#...♣....
...............♣ P♣
..........###.#.♣♣ #
..............##.♣♣♣...#
..........###...@g......
..........# #.###......#
..... #.# #...$.# #..
..J... #.. ..... ♣♣♣
#####


You could see an endoplasm and a goblin.

Vanquished Creatures
  2 endoplasms (D:1)
  A bat (D:1)
  A rat (D:1)
4 creatures vanquished.

Notes
Turn   | Place    | Note
-------+----------+-------------------------------------------
     0 | D:1      | ProfCupcakeAgain the Armataur Berserker began the quest for
                  | the Orb.
     0 | D:1      | Reached XP level 1. HP: 18/18 MP: 1/1
   139 | D:1      | Succumbed to a goblin's poison

Illustrated notes

Levels and vault maps discovered:
D:1:      lightli_arrival_noodles, layout_rooms, serial_forest,
          infiniplex_forest_clump_curved, infiniplex_forest_corner_2,
          infiniplex_forest_zigzag_2, infiniplex_forest_side_room,
          infiniplex_forest_end_3, grunt_decor_resistance, minmay_crystal_room

Action                     || total
---------------------------++-------
  Melee: Falchion          ||    21
         Tailslap          ||     3
 Invoke: Berserk           ||     1
 Armour: Animal skin       ||     8
         Ring mail         ||     6
  Dodge: Dodged            ||     9
